 Dungeon Crawl Stone Soup version 0.30.0-29-ga12c61a403 (webtiles) character file.

Game seed: 16579265150358204181

2 monsoonserge the Charlatan (level 1, 0/9 HPs)
             Began as a Spriggan Artificer on June 4, 2023.
             Frozen to death by an endoplasm (2 damage)
             ... on level 1 of the Dungeon.
             The game lasted 00:01:30 (344 turns).

monsoonserge the Charlatan (Spriggan Artificer)      Turns: 344, Time: 00:01:30

Health: 0/9        AC:  2    Str:  8    XL:     1   Next: 25%
Magic:  2/2        EV: 17    Int: 12    God:
Gold:   47         SH:  0    Dex: 15    Spells: 0/0 levels left

rFire   . . .        a - +0 club
rCold   . . .        (no shield)
rNeg    + . .        b - +0 robe
rPois   .            (helmet restricted)
rElec   .            (no cloak)
rCorr   .            (gloves unavailable)
SInv    +            (boots unavailable)
Will    .....        (no amulet)
Stlth   ++           f - ring of positive energy
HPRegen 0.21/turn    (no ring)
MPRegen 0.08/turn

%: no passive effects
@: very quick
A: very small, no large weapons, unfitting armour, see invisible, speed 3
a: no special abilities


You were on level 1 of the Dungeon.
You visited 1 branch of the dungeon, and saw 2 of its levels.

You collected 47 gold pieces.

Inventory:

Hand Weapons
 a - a +0 club (weapon)
Missiles
 g - 7 stones (quivered)
Armour
 b - a +0 robe (worn)
Jewellery
 f - a ring of positive energy (left hand)
Wands
 c - a wand of flame (15)
 d - a wand of charming (15)
 e - a wand of iceblast (5)


   Skills:
 + Level 0.7 Fighting
 + Level 3.3 Dodging
 + Level 1.5 Stealth
 + Level 4.0 Evocations


You couldn't memorise any spells.
You didn't know any spells.
Your spell library contained the following spells:

 Spells                   Type           Power      Damage    Failure   Level
 Magic Dart               Conj           0%         1d3       32%         1
 Call Imp                 Summ           0%         N/A       45%         2
 Mephitic Cloud           Conj/Pois/Air  0%         N/A       69%         3


Dungeon Overview and Level Annotations

Branches:
Dungeon (2/15)

Altars:


Innate Abilities, Weirdness & Mutations

You are very small and have problems with some larger weapons.
You are too small for most types of armour.
You have supernaturally acute eyesight. (SInv)
You cover ground extremely quickly. (Speed+++)


Message History

Found a book of Minor Magic.
There is an escape hatch in the ceiling here.
You pick up a book of Minor Magic and begin reading...
You add the spells Magic Dart, Call Imp and Mephitic Cloud to your library.
There are no items here.
Okay, then.
There is an escape hatch in the ceiling here.
Okay, then.
A mysterious force pulls you upwards. The hatch slams shut behind you.
Found 7 gold pieces.
You now have 45 gold pieces (gained 7).
Found 2 gold pieces.
You now have 47 gold pieces (gained 2).
There are no items here.
Found a lumpy brown potion.
A frilled lizard comes into view.
The frilled lizard hisses angrily.
You closely miss the frilled lizard. The frilled lizard barely misses you.
You hit the frilled lizard but do no damage.
The frilled lizard bites you.
You barely miss the frilled lizard. You punch the frilled lizard.
You kill the frilled lizard!
HP restored.
Found 15 gold pieces.
An endoplasm comes into view.
Found 10 gold pieces.
Found a stone staircase leading down.
You see here 15 gold pieces.
The helpless endoplasm fails to defend itself.
You hit the endoplasm but do no damage. The endoplasm hits you.
You hit the endoplasm.
The endoplasm is moderately wounded.
The endoplasm freezes you.
You are frozen.
Ouch! That really hurt!
* * * LOW HITPOINT WARNING * * *
You hit the endoplasm but do no damage.
The endoplasm is moderately wounded.
The endoplasm freezes you.
You are frozen.
You die...

#..........#
#..........#
#..........#
#..........#
.#######..###
............#
............#
##.....$....#
.......@....#
###$...J....#
.....>......#
##..........#
.#
#..........#
.#
#.###+#######
#. .# #.# #.#
#..###..#


You could see an endoplasm.

Vanquished Creatures
  A bat (D:1)
  A frilled lizard (D:1)
2 creatures vanquished.

Notes
Turn   | Place    | Note
-------+----------+-------------------------------------------
     0 | D:1      | monsoonserge the Spriggan Artificer began the quest for the
                  | Orb.
     0 | D:1      | Reached XP level 1. HP: 9/9 MP: 2/2
   344 | D:1      | Frozen to death by an endoplasm

Illustrated notes

Levels and vault maps discovered:
D:1:      dpeg_arrival_simpleton_a, layout_basic
D:2:      layout_basic, hangedman_decor_diamond_cutter

Action                     || total
---------------------------++-------
  Melee: Club              ||    10
         Punch             ||     1
   Stab: Sleeping          ||     2
 Armour: Robe              ||     2
  Dodge: Dodged            ||    12
